 Dungeon Crawl Stone Soup version 0.27-a0-379-g34d631faf5 (webtiles) character file.

Game seed: 4768326957915135043

651 KARNOV the Grasshopper (level 7, 0/56 HPs)
             Began as a Gnoll Warper on Feb 17, 2021.
             Was a Follower of Nemelex Xobeh.
             Slain by Grinder (1 damage)
             ... on level 6 of the Dungeon.
             The game lasted 00:17:12 (6083 turns).

KARNOV the Grasshopper (Gnoll Warper)               Turns: 6083, Time: 00:17:12

Health: 0/56       AC:  6    Str: 10    XL:     7   Next: 53%
Magic:  15/15      EV: 13    Int: 14    God:    Nemelex Xobeh [*.....]
Gold:   146        SH:  0    Dex: 12    Spells: 2/17 levels left

rFire    . . .     SeeInvis .   j - +4 quarterstaff (chaos)
rCold    . . .     Faith    .   (shield currently unavailable)
rNeg     . . .     Spirit   .   b - +0 leather armour
rPois    .         Reflect  .   p - +0 helmet
rElec    .         Harm     .   m - +1 cloak
rCorr    .         Rampage  .   (no gloves)
Will     .....                  (no boots)
Stlth    ++........             (no amulet)
HPRegen  0.18/turn              (no ring)
MPRegen  0.14/turn              (no ring)

@: no status effects
A: distributed training, fangs 1, strong nose
a: Renounce Religion, Draw Escape, Draw Destruction, Draw Summoning


You were on level 6 of the Dungeon.
You worshipped Nemelex Xobeh.
Nemelex Xobeh was aware of your devotion.
You visited 2 branches of the dungeon, and saw 7 of its levels.

You collected 293 gold pieces.
You spent 147 gold pieces at shops.

Inventory:

Hand Weapons
 j - a +4 quarterstaff of chaos (weapon)
Missiles
 e - 4 boomerangs of dispersal (quivered)
Armour
 b - a +0 leather armour (worn)
 m - a +1 cloak (worn)
 p - a +0 helmet (worn)
Jewellery
 q - a ring of fire
 u - a ring of resist corrosion {unknown}
Wands
 x - a wand of random effects (19)
Scrolls
 d - 2 scrolls of blinking
 f - 2 scrolls of fog
 g - 5 scrolls of teleportation
 k - 2 scrolls of identify
Potions
 a - 4 potions of curing
 c - a potion of mutation
 h - a potion of degeneration {unknown}
 i - a potion of invisibility {unknown}
 l - 2 potions of brilliance
 n - 2 potions of flight
 o - 2 potions of resistance {unknown}
 r - a potion of magic
 s - 2 potions of attraction {unknown}
 t - a potion of cancellation {unknown}
 v - a potion of heal wounds {unknown}
 w - a potion of haste


   Skills:
 + Level 5.2 Fighting
 + Level 2.5 Short Blades
 + Level 2.5 Long Blades
 + Level 2.5 Axes
 + Level 2.5 Maces & Flails
 + Level 5.2 Polearms
 + Level 2.5 Staves
 + Level 2.5 Slings
 + Level 2.5 Bows
 + Level 2.5 Crossbows
 + Level 3.6 Throwing
 + Level 3.6 Armour
 + Level 5.2 Dodging
 + Level 2.5 Stealth
 + Level 2.5 Shields
 + Level 2.5 Unarmed Combat
 + Level 5.6 Spellcasting
 + Level 2.0 Conjurations
 + Level 2.0 Hexes
 + Level 2.0 Summonings
 + Level 2.0 Necromancy
 + Level 5.8 Translocations
 + Level 2.0 Transmutations
 + Level 2.0 Fire Magic
 + Level 2.0 Ice Magic
 + Level 2.0 Air Magic
 + Level 2.0 Earth Magic
 + Level 2.0 Poison Magic
 + Level 2.8 Invocations
 + Level 2.5 Evocations


You had 2 spell levels left.
You knew the following spells:

 Your Spells              Type           Power        Failure   Level
a - Blink                 Tloc           N/A          3%          2
b - Gell's Gravitas       Tloc           10%          6%          3
c - Lesser Beckoning      Tloc           10%          6%          3
d - Teleport Other        Tloc           20%          6%          3
e - Manifold Assault      Tloc           20%          19%         4

Your spell library contained the following spells:

 Spells                   Type           Power        Failure   Level


Dungeon Overview and Level Annotations

Branches:
Dungeon (6/15)             Temple (1/1) D:4

Altars:
Ashenzari
Cheibriados
Dithmenos
Elyvilon
Fedhas
Gozag
Hepliaklqana
Kikubaaqudgha
Makhleb
Nemelex Xobeh
Qazlal
Ru
Sif Muna
Trog
Uskayaw
Vehumet
Wu Jian
Xom
Yredelemnul
Zin
The Shining One

Shops:
D:5 *

Annotations:
D:6 Grinder


Innate Abilities, Weirdness & Mutations

Your experience applies equally to all skills.
You have very sharp teeth.
Your uncanny sense of smell can sniff out nearby items.


Message History

Grinder is nearby!
Grinder says, "Tell me all your secrets, or I'll kill you."
You close the door.
You start waiting.
Grinder opens the door.
Grinder blinks!
There is an open door here.
Nemelex will now gift you decks of power as you gain piety.
Grinder blinks!
Grinder blinks!
Grinder blinks!
Grinder drinks a potion.
Grinder seems to speed up.
Grinder blinks!
Grinder closely misses you.
A bullfrog comes into view.
Grinder hits you.
You writhe in agony.
You barely miss Grinder.
The bullfrog croaks.
Your bite misses Grinder.
You hear a shout!
Grinder gestures at you. Pain shoots through your body! Grinder hits you!
You writhe in agony.
You hit Grinder.
Grinder seems to grow stronger.
Grinder is lightly wounded.
Grinder hits you!
You are too injured to fight recklessly!
You are too injured to fight recklessly!
You are too injured to fight recklessly!
You are too injured to fight recklessly!
You are too injured to fight recklessly!
You hit Grinder.
Grinder is moderately wounded.
Grinder gestures at you. Pain shoots through your body!
* * * LOW HITPOINT WARNING * * *
Grinder hits you.
* * * LOW HITPOINT WARNING * * *
You writhe in agony.
You die...
Your body disappears without a glow.

###########
#.........#######
+........>'.....######
#...5@....#####.......
#.........# #.......
.....F......# #.......
.........(..# #.......
............# #.......
.##.........# #.......
#.........# #.....(.
########### #.#....#
#.####.#


You could see Grinder (fast, strong) and a bullfrog.

Vanquished Creatures
  A phantom (D:4)
  A bullfrog (D:6)
  2 orc priests (D:3)
  3 hounds
  Crazy Yiuf (D:2)
  An iguana (D:6)
  2 orc wizards
  A worker ant (D:4)
  A gnoll (D:1)
  11 adders
  An ooze (D:3)
  2 adder zombies
  An adder skeleton (D:4)
  2 worms
  5 dart slugs
  2 leopard geckos
  15 orcs
  7 bats
  6 giant cockroaches
  11 goblins
  4 hobgoblins
  11 jackals
  A quokka (D:3)
  6 frilled lizards
  A jackal skeleton (D:4)
  8 kobolds
  A leopard gecko skeleton (D:4)
  6 rats
114 creatures vanquished.

Notes
Turn   | Place    | Note
-------+----------+-------------------------------------------
     0 | D:1      | KARNOV the Gnoll Warper began the quest for the Orb.
     0 | D:1      | Reached XP level 1. HP: 20/20 MP: 6/6
    95 | D:1      | Reached XP level 2. HP: 12/26 MP: 7/7
   491 | D:1      | Reached XP level 3. HP: 31/31 MP: 9/9
   526 | D:1      | Reached skill level 5 in Spellcasting
   748 | D:1      | Reached skill level 1 in Invocations
  1153 | D:2      | Reached skill level 1 in Short Blades
  1153 | D:2      | Reached skill level 1 in Long Blades
  1153 | D:2      | Reached skill level 1 in Axes
  1153 | D:2      | Reached skill level 1 in Maces & Flails
  1153 | D:2      | Reached skill level 1 in Staves
  1153 | D:2      | Reached skill level 1 in Slings
  1153 | D:2      | Reached skill level 1 in Bows
  1153 | D:2      | Reached skill level 1 in Crossbows
  1153 | D:2      | Reached skill level 1 in Stealth
  1153 | D:2      | Reached skill level 1 in Shields
  1153 | D:2      | Reached skill level 1 in Unarmed Combat
  1153 | D:2      | Reached skill level 1 in Evocations
  1158 | D:2      | Reached XP level 4. HP: 38/38 MP: 11/11
  1183 | D:2      | Learned a level 2 spell: Blink
  1187 | D:2      | Learned a level 3 spell: Gell's Gravitas
  1191 | D:2      | Learned a level 3 spell: Lesser Beckoning
  1195 | D:2      | Learned a level 3 spell: Teleport Other
  1326 | D:2      | Found a runed translucent door.
  1327 | D:2      | Noticed Crazy Yiuf
  1365 | D:2      | Found a glowing golden altar of the Shining One.
  1367 | D:2      | Noticed an angel
  1390 | D:2      | Found a basalt altar of Yredelemnul.
  1392 | D:2      | Noticed a profane servitor
  1472 | D:2      | HP: 1/38 [worm (10)]
  2159 | D:2      | Reached skill level 1 in Conjurations
  2159 | D:2      | Reached skill level 1 in Hexes
  2159 | D:2      | Reached skill level 1 in Summonings
  2159 | D:2      | Reached skill level 1 in Necromancy
  2159 | D:2      | Reached skill level 1 in Transmutations
  2159 | D:2      | Reached skill level 1 in Fire Magic
  2159 | D:2      | Reached skill level 1 in Ice Magic
  2159 | D:2      | Reached skill level 1 in Air Magic
  2159 | D:2      | Reached skill level 1 in Earth Magic
  2159 | D:2      | Reached skill level 1 in Poison Magic
  2328 | D:2      | Killed Crazy Yiuf
  2329 | D:2      | Reached XP level 5. HP: 12/43 MP: 12/12
  2844 | D:3      | Found a burning altar of Makhleb.
  3111 | D:3      | Reached XP level 6. HP: 28/50 MP: 13/13
  3116 | D:3      | Learned a level 4 spell: Manifold Assault
  3563 | D:3      | Reached skill level 5 in Fighting
  3563 | D:3      | Reached skill level 5 in Polearms
  3563 | D:3      | Reached skill level 5 in Dodging
  3775 | D:3      | Found a sacrificial altar of Ru.
  3782 | D:3      | Found a radiant altar of Vehumet.
  4461 | D:4      | Found a staircase to the Ecumenical Temple.
  4469 | D:4      | Reached XP level 7. HP: 55/56 MP: 15/15
  4472 | Temple   | Entered the Ecumenical Temple
  4647 | Temple   | Became a worshipper of Nemelex Xobeh the Trickster
  5108 | D:5      | Entered Level 5 of the Dungeon
  5147 | D:5      | Found Pemize's Assorted Antiques.
  5351 | D:5      | Bought a scroll of identify for 52 gold pieces
  5351 | D:5      | Bought a fizzy cyan potion for 23 gold pieces
  5351 | D:5      | Bought a scroll labelled DUTOVV ZAT TIG for 26 gold pieces
  5351 | D:5      | Bought a sapphire potion for 23 gold pieces
  5351 | D:5      | Bought a fuming brown potion for 23 gold pieces
  6063 | D:6      | Noticed Grinder
  6072 | D:6      | Reached * piety under Nemelex Xobeh
  6083 | D:6      | HP: 1/56 [Grinder (5)]
  6083 | D:6      | Slain by Grinder

Illustrated notes

Levels and vault maps discovered:
D:1:      dpeg_arrival_round_a, layout_basic, hex_large
D:2:      layout_basic, grunt_temple_overflow_holy_war, uniq_crazy_yiuf_cottage
D:3:      layout_loops_ring, amethyst_overflow_temple_binary,
          makhleb_heckhound_becter
D:4:      layout_gridville, minmay_temple_entry_statues_fountains
D:5:      layout_basic, serial_shops, nicolae_shop_window_shopping
D:6:      layout_basic, uniq_grinder, uniq_edmund, uniq_eustachio
Temple:   nicolae_temple_elliptical

Skill      XL: |  1  2  3  4  5  6  7 |
---------------+----------------------+-----
Spellcasting   | 5 |  5.6
Invocations    | 1 2 |  2.8
Short Blades   | 1 2 |  2.5
Long Blades    | 1 2 |  2.5
Axes           | 1 2 |  2.5
Maces & Flails | 1 2 |  2.5
Staves         | 1 2 |  2.5
Slings         | 1 2 |  2.5
Bows           | 1 2 |  2.5
Crossbows      | 1 2 |  2.5
Stealth        | 1 2 |  2.5
Shields        | 1 2 |  2.5
Unarmed Combat | 1 2 |  2.5
Evocations     | 1 2 |  2.5
Conjurations   | 1 2 |  2.0
Hexes          | 1 2 |  2.0
Summonings     | 1 2 |  2.0
Necromancy     | 1 2 |  2.0
Transmutations | 1 2 |  2.0
Fire Magic     | 1 2 |  2.0
Ice Magic      | 1 2 |  2.0
Air Magic      | 1 2 |  2.0
Earth Magic    | 1 2 |  2.0
Poison Magic   | 1 2 |  2.0
Throwing       | 3 |  3.6
Armour         | 3 |  3.6
Fighting       | 5 |  5.2
Polearms       | 5 |  5.2
Dodging        | 5 |  5.2
Translocations | |  5.8

Action                   |  1- 3 |  4- 6 |  7- 9 || total
-------------------------+-------+-------+-------++-------
Melee: Spear             |   108 |    97 |       ||   205
       Bite              |     4 |    13 |     1 ||    18
       Quarterstaff      |       |   131 |    54 ||   185
Throw: Boomerang         |       |     1 |       ||     1
  Use: Scroll            |       |     7 |     5 ||    12
 Stab: Sleeping          |     2 |     2 |     1 ||     5
       Invisible         |       |     1 |       ||     1
       Confused          |       |     1 |       ||     1
Armor: Leather armour    |    22 |    49 |     8 ||    79
Dodge: Dodged            |    63 |   148 |    38 ||   249

Table legend: (Time is in decaauts)
 A = Elapsed time spent in this place.
 B = Non-inter-level travel time spent in this place.
 C = Inter-level travel time spent in this place.
 D = Time resting spent in this place.
 E = Time spent auto-exploring this place.
 F = Levels seen in this place.
 G = Mean time per level.
                   A        B        C        D        E       F      G
               +--------+--------+--------+--------+--------+-----+--------+
         Total |   6093 |   5919 |    174 |    613 |   4386 |   7 |  870.4 |
       Dungeon |   5904 |   5750 |    154 |    613 |   4243 |   6 |  984.0 |
        Temple |    188 |    168 |     20 |      0 |    143 |   1 |  188.0 |
               +--------+--------+--------+--------+--------+-----+--------+

Top non-repeatable levels by time:
     D:3: 1461 daAuts
     D:2: 1422 daAuts
     D:1: 1127 daAuts
     D:4: 909 daAuts
     D:5: 682 daAuts
     D:6: 300 daAuts
  Temple: 188 daAuts
